Map: Arctic Dream LE

Players

qqq

  • Race: Protoss Protoss
  • Spawn Location: 5:00

Massa

  • Race: Terran Terran
  • League: Gold
  • Spawn Location: 6:00

Miranda - Winner!

  • Race: Protoss Protoss
  • Spawn Location: 12:00

MirandasMom - Winner!

  • Race: Zerg Zerg
  • League: Diamond
  • Spawn Location: 11:00

VOD

Have the link to the VOD?

Description

Time

  • Played on: June 22, 2020, 3:06 p.m.
  • Length: 25:23
Show
View Real Time Build Order
Export as new Build Order

qqq Protoss 

Build Orders: 1 Gate Expand, Phoenix Opening, Carriers, Mass Phoenix 

Get SALT Encoding   

  12  0:02  Probe  
  13  0:15  Pylon  
  13  0:24  Probe  
  14  0:37  Gateway  
  14  0:42  Pylon  
  14  0:45  Probe  
  15  0:57  Probe  
  16  1:09  Probe  
  17  1:32  Probe  
  18  1:35  Nexus  
  18  1:37  Cybernetics Core  
  18  1:42  Assimilator  
  18  1:48  Assimilator  
  18  2:05  Probe  
  19  2:13  Probe  
  19  2:21  Probe  
  21  2:33  Probe  
  22  2:40  Stargate  
  22  2:43  Pylon  
  22  2:45  Probe  
  23  2:59  Nexus  
  23  3:04  Probe  
  24  3:16  Probe  
  25  3:24  Phoenix  
  27  3:28  Probe  
  28  3:40  Probe  
  29  3:41  Protoss Air Weapons Level 1  
  29  3:43  Stargate  
  29  3:52  Probe  
  30  4:00  Phoenix  
  32  4:04  Probe  
  32  4:09  Assimilator  
  33  4:13  Assimilator  
  33  4:17  Probe  
  34  4:20  Forge  
  34  4:26  Phoenix  
  34  4:29  Probe  
  34  4:30  Probe  
  38  4:41  Probe  
  38  4:42  Probe, Phoenix  
  42  4:53  Probe  
  42  4:54  Probe  
  42  4:56  Phoenix  
  46  5:05  Probe  
  46  5:06  Probe, Assimilator  
  48  5:10  Assimilator  
  48  5:13  Phoenix  
  50  5:17  Probe  
  50  5:18  Probe  
  50  5:21  Phoenix  
  54  5:29  Probe  
  54  5:30  Probe  
  56  5:38  Phoenix  
  56  5:41  Probe  
  59  5:43  Probe  
  60  5:52  Phoenix  
  60  5:53  Probe  
  60  5:55  Probe  
  64  5:58  Protoss Air Armor Level 1  
  64  6:04  Photon Cannon  
  64  6:05  Probe  
  64  6:07  Probe, Photon Cannon  
  66  6:14  Photon Cannon  
  66  6:18  Probe  
  67  6:28  Phoenix  
  69  6:41  Phoenix  
  69  6:53  Phoenix  
  67  7:06  Phoenix  
  69  7:13  Pylon  
  65  7:15  Pylon  
  65  7:18  Probe x2, Phoenix  
  65  7:20  Pylon  
  69  7:23  Pylon  
  69  7:26  Pylon  
  69  7:28  Fleet Beacon  
  69  7:31  Probe x2, Phoenix  
  69  7:34  Pylon  
  73  7:43  Probe x2, Phoenix  
  73  7:44  Robotics Facility  
  77  7:47  Pylon  
  77  7:55  Probe x2  
  79  8:00  Phoenix  
  79  8:01  Photon Cannon  
  81  8:07  Probe x2  
  83  8:15  Stargate  
  83  8:16  Probe  
  83  8:17  Stargate  
  84  8:22  Photon Cannon  
  84  8:24  Probe  
  84  8:26  Photon Cannon  
  84  8:31  Observer  
  86  8:34  Probe, Tempest  
  86  8:35  Tempest  
  97  8:46  Probe  
  97  9:17  Tempest  
  102  9:29  Anion Pulse-Crystals  
  102  9:32  Tempest x3  
  111  9:48  Protoss Air Weapons Level 2  
  101  9:54  Probe  
  102  10:00  Tempest  
  102  10:06  Probe  
  108  10:14  Tempest  
  108  10:15  Carrier x2  
  108  10:21  Pylon  
  125  10:25  Pylon  
  125  10:28  Pylon  
  125  10:33  Nexus  
  125  10:38  Pylon  
  125  10:39  Probe, Observer  
  125  10:41  Pylon  
  125  10:42  Pylon  
  108  10:50  Tempest  
  112  10:57  Tempest  
  116  11:17  Mothership  
  124  11:19  Tempest, Carrier  
  135  11:47  Nexus  
  135  11:49  Pylon  
  135  11:51  Pylon  
  135  11:52  Pylon  
  135  11:57  Pylon  
  134  12:22  Photon Cannon  
  127  12:34  Tempest x2  
  137  12:56  Carrier  
  138  12:59  Carrier  
  144  13:17  Pylon  
  144  13:20  Pylon  
  144  13:25  Pylon  
  144  13:29  Pylon  
  144  13:38  Tempest  
  149  13:43  Tempest  
  142  14:59  Tempest x2  
  152  15:03  Nexus  
  140  15:25  Tempest x2  
  145  15:42  Tempest x2  
  155  15:48  Nexus  
  149  16:08  Tempest  
  102  16:31  Carrier  
  102  16:32  Carrier  
  104  16:41  Pylon  
  93  16:53  Pylon  
  78  17:05  Pylon  
  78  17:11  Twilight Council  
  64  17:28  Photon Cannon  
  64  17:30  Pylon  
  64  17:32  Pylon  
  64  18:06  Photon Cannon  
  58  18:13  Nexus  
  58  18:40  Photon Cannon  
  58  18:44  Shield Battery  
  58  19:18  Dark Shrine  
  46  19:46  Probe  
  27  19:58  Probe  
  20  20:10  Probe  
  10  20:22  Probe  
  5  20:34  Probe  
Show
View Real Time Build Order
Export as new Build Order

Massa Terran 

Build Orders:  

Get SALT Encoding   

  12  0:11  Supply Depot  
  12  0:15  SCV  
  13  0:27  SCV  
  14  0:35  Barracks  
  14  0:39  SCV  
  15  0:51  SCV  
  15  0:53  Supply Depot  
  16  1:03  SCV  
  17  1:15  SCV  
  18  1:28  Refinery, SCV  
  19  1:40  SCV  
  20  1:52  SCV  
  21  1:55  Marine  
  22  2:09  Orbital Command  
  22  2:13  Marine, Command Center  
  23  2:30  Command Center  
  23  2:33  Marine  
  24  2:39  SCV  
  25  2:51  SCV, Marine  
  27  3:09  Marine  
  27  3:12  Factory  
  28  3:14  Engineering Bay  
  28  3:16  SCV  
  28  3:17  Barracks  
  29  3:26  Marine  
  30  3:28  SCV  
  31  3:41  SCV  
  32  3:44  Marine  
  33  4:00  Orbital Command, SCV  
  33  4:01  SCV  
  34  4:07  Factory Tech Lab  
  34  4:09  Barracks Tech Lab, Marine  
  35  4:13  SCV x2  
  37  4:17  Barracks  
  37  4:25  SCV  
  37  4:27  Marine  
  39  4:31  Orbital Command  
  39  4:32  SCV  
  39  4:37  SCV  
  41  4:40  Siege Tank  
  41  4:43  Marauder  
  41  4:44  SCV  
  41  4:45  Marine  
  48  4:47  Stimpack  
  48  4:49  SCV  
  49  4:54  Missile Turret  
  49  4:56  SCV, Missile Turret  
  50  5:00  SCV  
  50  5:01  SCV  
  50  5:03  Marine  
  50  5:04  Refinery, Marauder  
  55  5:07  Refinery, Missile Turret  
  55  5:08  SCV  
  55  5:12  SCV  
  55  5:13  Refinery, SCV, Barracks Tech Lab  
  58  5:20  SCV  
  59  5:24  SCV  
  59  5:25  SCV  
  61  5:30  Supply Depot x2  
  61  5:32  Supply Depot  
  61  5:34  Supply Depot  
  61  5:36  Supply Depot  
  61  5:45  Missile Turret  
  61  5:52  SCV x3, Marauder x2  
  61  5:56  Supply Depot  
  68  6:11  Terran Infantry Weapons Level 1  
  68  6:13  Marauder  
  68  6:14  Marauder  
  68  6:15  Armory  
  68  6:17  Engineering Bay  
  72  6:24  Barracks  
  72  6:32  Siege Tank  
  75  6:34  SCV  
  75  6:35  SCV x2, Marauder  
  75  6:37  Barracks Tech Lab  
  80  6:47  SCV x3  
  81  6:48  Refinery  
  81  6:51  Refinery, Marauder  
  85  6:56  Marauder  
  85  6:59  SCV x3, Barracks  
  90  7:05  Marauder  
  92  7:09  Concussive Shells  
  92  7:12  Marauder  
  94  7:18  Marauder  
  94  7:19  SCV x2  
  94  7:20  SCV  
  99  7:26  Marauder  
  99  7:29  Barracks Reactor  
  101  7:31  SCV  
  101  7:32  SCV x2  
  101  7:34  Marauder  
  106  7:39  Marauder  
  106  7:41  Command Center  
  106  7:43  SCV  
  109  7:44  Missile Turret  
  109  7:50  Supply Depot x3  
  109  7:51  Supply Depot  
  109  7:52  Supply Depot  
  109  7:53  Supply Depot x2  
  109  7:58  Combat Shield  
  109  8:03  SCV  
  109  8:12  SCV x2, Marauder x3, Thor  
  123  8:14  Supply Depot  
  123  8:15  SCV  
  123  8:18  Supply Depot  
  123  8:19  Supply Depot  
  124  8:20  Supply Depot x2  
  124  8:22  Supply Depot  
  124  8:24  SCV  
  124  8:34  Marauder x3  
  130  8:48  Starport  
  130  8:50  Starport  
  130  9:14  Terran Infantry Armor Level 1, Terran Infantry Weapons Level 2  
  130  9:15  Command Center  
  130  9:16  Terran Vehicle Weapons Level 1  
  130  9:17  Thor  
  87  9:48  Marauder x3  
  87  9:51  Barracks Tech Lab, Marine  
  87  9:52  Marine  
  95  9:59  Missile Turret  
  95  10:00  Thor  
  95  10:04  Bunker  
  101  10:09  Marauder, Marine x2  
  101  10:10  SCV x3, Marauder x2  
  112  10:22  SCV  
  112  10:23  SCV x2  
  112  10:26  Command Center, Planetary Fortress  
  112  10:27  Marine x2  
  117  10:31  Marauder x3  
  117  10:32  Missile Turret  
  117  10:34  SCV  
  117  10:35  SCV x2  
  126  10:36  Bunker  
  126  10:37  Marauder  
  126  10:41  Medivac  
  130  10:44  Medivac  
  130  10:45  Marine x2  
  130  10:46  SCV  
  130  10:47  SCV x2  
  137  10:52  Marauder x2  
  137  10:53  Marauder  
  143  10:58  SCV  
  143  10:59  SCV, Marauder  
  143  11:02  Marine  
  143  11:03  SCV, Marine  
  151  11:10  SCV  
  153  11:11  SCV, Bunker, Medivac  
  153  11:13  Marauder  
  153  11:14  Marauder x2  
  153  11:16  SCV  
  145  11:20  Marauder, Marine  
  145  11:21  Marine  
  147  11:35  Marauder x3  
  141  11:41  Marauder  
  122  11:56  Marauder, Marine x2  
  122  11:57  Marauder x2  
  122  11:58  Thor  
  107  12:03  Marauder  
  107  12:04  Factory  
  107  12:05  Medivac x2  
  113  12:14  Marine x2  
  115  12:18  Marauder x3  
  121  12:24  Marauder  
  123  12:31  Marine  
  123  12:32  Marine  
  123  12:35  Terran Infantry Armor Level 2, Medivac x2  
  129  12:39  Marauder x3  
  129  12:41  Thor  
  142  12:44  SCV x4  
  142  12:45  Marauder  
  142  12:49  Marine  
  142  12:50  Marine  
  149  12:56  SCV x4  
  153  13:00  Marauder  
  153  13:01  Marauder x2  
  159  13:07  Marauder, Marine x2  
  159  13:08  SCV  
  159  13:09  SCV x3  
  159  13:10  Command Center  
  167  13:13  Starport Tech Lab  
  167  13:20  SCV  
  167  13:21  SCV x2, Marine  
  167  13:22  Marine x2  
  167  13:24  Thor  
  167  13:25  Factory Tech Lab  
  177  13:28  Marauder  
  177  13:31  Orbital Command  
  176  13:39  SCV, Marauder, Marine  
  176  13:40  SCV x2, Marauder  
  179  13:44  Marine  
  179  13:45  Marine  
  179  13:47  Thor  
  183  13:50  Marauder  
  183  13:51  SCV  
  183  13:52  SCV x2  
  188  13:58  Marauder  
  188  14:01  Marauder x2  
  188  14:02  Marine  
  194  14:03  SCV, Raven, Marine  
  194  14:04  SCV  
  200  14:20  Marine  
  200  14:22  Marauder  
  199  14:44  Marauder  
  190  15:05  Marauder  
  184  15:20  Marauder x3  
  178  15:22  Marine  
  178  15:23  Marine  
  178  15:24  Thor x2  
  178  15:26  Marauder  
  172  15:40  Marine  
  172  15:41  Marauder, Marine  
  172  15:42  Marauder x2  
  180  15:48  Marauder  
  180  15:58  Marine x2  
  180  16:03  Marauder x3  
  162  16:07  Thor x2  
  162  16:09  Marauder  
  161  16:16  Marine x2  
  161  16:22  Medivac  
  161  16:24  Marauder x3  
  169  16:31  Marauder  
  164  16:34  Marine x2  
  164  16:39  Medivac  
  152  16:41  SCV  
  152  16:42  SCV x3  
  152  16:45  Marauder  
  152  16:46  Marauder x2  
  160  16:50  Thor x2  
  160  16:51  Marine  
  160  16:52  Marauder, Marine, Medivac  
  160  16:53  SCV  
  180  16:54  SCV x3  
  182  17:05  SCV  
  182  17:06  SCV x3  
  182  17:07  Marauder x3  
  192  17:10  Refinery  
  192  17:12  Refinery, Command Center  
  192  17:13  Marauder, Command Center  
  192  17:15  Terran Infantry Armor Level 3  
  194  17:18  SCV x4  
  198  17:28  Marauder  
  200  17:35  Planetary Fortress  
  169  18:39  Marauder x4, Marine  
  169  18:40  Marine  
  173  18:42  Thor  
  173  18:43  Thor  
  173  18:44  Medivac x2  
  162  18:57  Marine  
  162  18:58  Marine  
  162  19:00  Marauder  
  162  19:01  Marauder x3  
  172  19:14  Medivac x2  
  172  19:15  Marine, Command Center  
  172  19:16  Marine, Command Center  
  178  19:22  Marauder x4  
  186  19:25  Thor  
  170  19:43  Marauder x2  
  170  19:44  Marauder x2  
  170  19:45  Thor  
  138  19:47  Marine  
  135  20:04  Marauder  
  135  20:05  Marauder x3  
  143  20:08  Thor  
  149  20:26  Marauder x4  
  149  20:27  Thor  
  162  20:47  Marauder  
  162  20:48  Marauder x2  
  167  20:54  Marauder, Marine x2  
  171  21:09  Marauder x3  
  177  21:12  Marine x2  
  177  21:15  Marauder  
  160  21:30  Marauder x3  
  154  21:36  Marauder  
  150  21:51  Marauder  
  150  21:52  Marauder  
  145  22:11  Marauder  
  145  22:12  Marine  
  145  22:13  Marauder x2  
  112  22:32  Marauder  
  112  22:34  Marauder x2  
  117  22:53  Marauder  
  117  22:56  Marauder  
  120  23:17  Marauder  
  120  23:18  Marauder x2  
  126  23:30  Planetary Fortress  
  126  23:31  SCV  
  126  23:32  SCV  
  128  23:38  Marauder  
  128  23:39  Marauder x2  
  134  24:00  Marauder x3  
  140  24:07  Missile Turret  
  140  24:21  Marauder  
Show
View Real Time Build Order
Export as new Build Order

Miranda Protoss - Winner!

Build Orders: 1 Gate Expand, Blink Stalkers 

Get SALT Encoding   

  12  0:01  Probe  
  13  0:13  Probe  
  14  0:18  Pylon  
  14  0:25  Probe  
  15  0:36  Gateway  
  15  0:39  Assimilator  
  15  0:44  Probe  
  16  1:02  Probe  
  17  1:14  Probe  
  18  1:26  Probe  
  18  1:31  Nexus  
  19  1:38  Probe  
  20  1:51  Probe  
  20  1:52  Assimilator  
  21  1:56  Cybernetics Core  
  21  1:59  Probe  
  21  2:06  Pylon  
  21  2:08  Probe  
  23  2:27  Gateway  
  23  2:28  Warp Gate  
  23  2:38  Robotics Facility  
  23  2:40  Probe  
  23  2:43  Probe  
  25  2:52  Probe  
  25  2:55  Stalker  
  28  3:01  Probe  
  29  3:12  Probe, Twilight Council  
  30  3:19  Probe  
  31  3:21  Stalker  
  31  3:25  Assimilator  
  33  3:30  Probe  
  34  3:37  Gateway  
  34  3:41  Blink  
  34  3:44  Observer, Gateway  
  35  4:07  Immortal  
  39  4:19  Forge  
  39  4:20  Stalker  
  39  4:21  Pylon  
  41  4:24  Probe x2  
  43  4:38  Stalker  
  45  4:44  Pylon  
  45  4:52  Nexus  
  45  4:55  Pylon  
  45  5:01  Probe  
  45  5:02  Probe  
  47  5:09  Photon Cannon  
  47  5:18  Protoss Ground Weapons Level 1  
  47  5:28  Dark Shrine  
  47  5:30  Pylon  
  47  5:34  Pylon  
  47  5:36  Probe x2  
  47  5:41  Assimilator  
  49  5:48  Probe x2, Shield Battery  
  51  5:53  Photon Cannon  
  51  5:59  Gateway  
  51  6:01  Gateway  
  51  6:23  Stalker x3  
  51  6:24  Stalker  
  59  6:57  Dark Templar x4  
  64  7:04  Stalker x2  
  66  7:26  Probe x3  
  69  7:38  Probe x3  
  70  7:50  Probe x3  
  71  8:10  Dark Templar x5  
  81  8:15  Assimilator  
  81  8:18  Archon x2, Assimilator  
  81  8:20  Dark Templar  
  81  8:24  Protoss Ground Weapons Level 2, Archon  
  83  8:31  Photon Cannon  
  83  8:34  Probe  
  83  8:41  Photon Cannon  
  84  8:42  Probe, Shield Battery  
  85  8:50  Probe x2  
  85  8:51  Probe  
  86  9:02  Probe x2  
  88  9:03  Probe  
  88  9:04  Templar Archives  
  89  9:14  Probe x2  
  89  9:15  Probe  
  88  9:58  Nexus  
  88  10:02  Pylon  
  88  10:04  Assimilator  
  88  10:06  Dark Templar x2  
  88  10:07  Dark Templar x4  
  94  10:09  Assimilator  
  94  10:12  Archon x2, Pylon  
  94  10:13  Archon, Pylon  
  100  10:17  Probe x2  
  100  10:20  Probe, Psionic Storm  
  102  10:36  Forge  
  102  10:47  High Templar x3  
  102  10:49  High Templar  
  110  10:50  Zealot x2  
  113  11:11  Photon Cannon  
  113  11:16  Photon Cannon  
  91  11:41  Archon  
  63  12:01  Stalker x5  
  65  12:02  Stalker  
  75  12:09  Gateway  
  75  12:10  Gateway  
  75  12:11  Gateway  
  75  12:12  Probe  
  75  12:13  Probe x3, Gateway  
  75  12:17  Pylon  
  73  12:24  Probe  
  61  12:33  Stalker x2  
  61  12:34  Stalker x4  
  66  12:54  Pylon  
  66  12:59  Probe  
  66  13:00  Probe x3  
  70  13:12  Probe x2  
  72  13:21  Probe x2  
  72  13:24  Probe x2  
  76  13:27  Protoss Ground Armor Level 1  
  76  13:33  Probe  
  76  13:34  Probe  
  76  13:48  Dark Templar x8  
  74  13:49  Dark Templar x2  
  74  13:53  Archon x4  
  74  13:54  Archon  
  86  13:58  Probe x3  
  89  14:07  Probe  
  90  14:10  Probe  
  90  14:14  Probe x2  
  93  14:20  Probe  
  93  14:22  Probe  
  91  14:26  Probe  
  72  14:45  High Templar  
  72  14:46  High Templar x3  
  72  14:48  Stalker x5  
  72  14:49  Stalker  
  52  15:40  Dark Templar x5  
  52  15:41  Dark Templar x3  
  40  16:14  Dark Templar x2  
  40  16:15  Dark Templar x2  
  38  16:38  Gateway x2  
  38  16:40  Gateway  
  38  16:43  Nexus, Pylon  
  38  16:46  Pylon  
  38  16:47  Pylon  
  38  16:49  Dark Templar  
  38  16:50  Dark Templar x3  
  46  16:58  Probe  
  47  17:10  Probe  
  48  17:24  Cybernetics Core  
  40  17:37  Pylon  
  40  17:41  Pylon  
  40  17:45  Dark Templar x2  
  40  17:46  Zealot x5  
  54  18:01  Pylon  
  54  18:03  Probe  
  47  18:10  Dark Templar  
  47  18:14  Zealot x3  
  47  18:15  Probe  
  52  18:25  Zealot  
  53  18:27  Probe  
  31  18:42  Probe  
  31  18:44  Dark Templar x2  
  35  18:54  Probe  
  30  19:04  Nexus  
  30  19:30  Shadow Stride  
  22  19:46  Pylon  
  22  19:47  Probe  
  23  19:59  Probe  
  24  20:10  Zealot, Dark Templar x2  
  24  20:11  Zealot  
  32  20:20  Probe  
  33  20:32  Probe  
  32  20:52  Probe  
  33  20:59  Dark Templar x2  
  33  21:00  Probe  
  37  21:10  Probe  
  37  21:22  Probe  
  38  21:33  Probe  
  38  21:37  Assimilator  
  38  21:39  Assimilator  
  39  21:40  Dark Templar x2  
  39  21:45  Probe  
  30  22:46  Dark Templar x3  
  30  22:47  Zealot  
  38  22:53  Gateway  
  38  22:54  Probe x2  
  38  22:55  Gateway  
  38  22:57  Gateway  
  40  23:06  Probe  
  41  23:20  Pylon  
  41  23:22  Pylon  
  41  23:35  Dark Templar x2  
  41  23:36  Zealot x2  
  49  23:41  Nexus  
  49  23:50  Probe  
  49  23:53  Dark Templar x2  
  49  23:54  Zealot  
  57  24:02  Probe  
  57  24:07  Pylon  
  57  24:14  Dark Templar  
  57  24:15  Probe, Cybernetics Core  
  57  24:16  Zealot  
  62  24:34  Dark Templar  
  62  24:35  Zealot x2  
  45  25:16  Dark Shrine  
  45  25:19  Assimilator  
Show
View Real Time Build Order
Export as new Build Order

MirandasMom Zerg - Winner!

Build Orders: Hatch First 

Get SALT Encoding   

  12  0:02  Drone  
  13  0:14  Overlord  
  13  0:17  Drone  
  14  0:37  Drone  
  14  0:38  Drone x2  
  17  0:49  Drone  
  18  1:07  Drone  
  18  1:08  Hatchery  
  18  1:14  Spawning Pool  
  17  1:22  Drone x2  
  19  1:33  Overlord  
  19  1:52  Hatchery  
  18  1:58  Drone x2  
  20  2:03  Queen  
  20  2:06  Zergling x2  
  23  2:17  Drone  
  23  2:21  Drone  
  25  2:32  Drone  
  25  2:33  Drone  
  25  2:34  Queen  
  29  2:38  Drone  
  29  2:42  Queen  
  32  2:45  Drone  
  32  2:48  Drone  
  34  2:52  Overlord  
  34  3:04  Drone  
  34  3:05  Drone x2  
  37  3:10  Drone  
  38  3:23  Queen x3  
  44  3:28  Drone x4  
  44  3:29  Drone x2  
  44  3:31  Overlord  
  50  3:48  Overlord x2  
  50  3:49  Overlord  
  50  3:51  Drone x5  
  55  4:20  Drone x10  
  55  4:22  Extractor, Spore Crawler  
  55  4:23  Extractor  
  62  4:24  Spore Crawler  
  62  4:26  Spore Crawler  
  62  4:27  Extractor  
  62  4:28  Drone, Extractor  
  59  4:32  Drone x2  
  59  4:33  Drone  
  59  4:34  Drone  
  59  4:35  Drone  
  59  4:38  Drone  
  65  4:58  Drone x4  
  65  4:59  Drone x2  
  71  5:02  Extractor  
  71  5:03  Drone x3  
  71  5:04  Extractor, Drone x2  
  71  5:05  Drone, Overlord  
  75  5:11  Spore Crawler  
  74  5:15  Spore Crawler  
  74  5:16  Spore Crawler  
  72  5:21  Queen  
  72  5:25  Lair  
  74  5:34  Baneling Nest  
  73  5:37  Evolution Chamber x2  
  73  5:39  Hatchery  
  73  5:41  Zergling x2  
  73  5:42  Zergling x18  
  80  5:44  Metabolic Boost  
  80  5:49  Overlord  
  80  5:50  Zergling x2, Overlord x2  
  80  5:51  Zergling x8  
  80  5:54  Hatchery  
  76  6:33  Zerg Ground Armor Level 1, Zerg Melee Weapons Level 1  
  76  6:40  Queen x3  
  76  6:42  Drone x2  
  76  6:43  Drone  
  83  6:49  Zergling x34  
  83  6:53  Overlord  
  83  6:54  Overlord x2  
  98  7:08  Hydralisk Den  
  98  7:09  Centrifical Hooks  
  98  7:12  Infestation Pit  
  96  7:16  Drone x7  
  96  7:17  Drone x5  
  96  7:21  Baneling  
  96  7:22  Baneling x14  
  108  7:23  Baneling  
  108  7:34  Zergling x2  
  108  7:35  Zergling x14  
  116  7:41  Queen  
  118  7:45  Spore Crawler  
  118  7:47  Spore Crawler x2  
  115  8:00  Overseer x3  
  115  8:02  Pneumatized Carapace  
  115  8:06  Hive  
  115  8:07  Muscular Augments  
  115  8:13  Extractor x2, Drone x10  
  115  8:14  Drone  
  124  8:21  Drone x6  
  124  8:23  Overlord  
  124  8:25  Overlord  
  131  8:41  Drone x4  
  131  8:43  Overlord  
  131  8:44  Overlord x5  
  134  8:49  Overlord  
  134  8:50  Overlord  
  134  8:52  Zerg Melee Weapons Level 2  
  132  9:18  Grooved Spines  
  132  9:19  Hydralisk x9  
  132  9:20  Hydralisk x6  
  138  9:46  Hydralisk x4  
  138  9:47  Hydralisk x10  
  166  10:05  Baneling x14  
  166  10:06  Baneling  
  166  10:11  Queen  
  168  10:18  Zergling x2  
  168  10:19  Zergling x26  
  181  10:30  Zergling x2  
  181  10:32  Hatchery  
  181  10:38  Pathogen Glands  
  175  11:03  Zergling x6  
  175  11:04  Zergling x6  
  181  11:06  Overlord x6  
  181  11:07  Overlord x6  
  178  11:34  Neural Parasite  
  178  11:35  Spire  
  177  11:40  Zergling x8  
  177  11:41  Zergling x36  
  185  12:02  Overseer  
  142  12:51  Corruptor x9  
  142  12:52  Corruptor x12  
  170  13:06  Greater Spire  
  170  13:07  Hydralisk x8  
  170  13:12  Baneling x10  
  186  13:29  Zergling x6  
  186  13:30  Zergling x18  
  198  14:10  Extractor  
  198  14:11  Spore Crawler  
  198  14:13  Extractor  
  174  14:55  Zergling x8  
  174  14:56  Zergling x44  
  145  15:22  Corruptor x9  
  145  15:23  Corruptor x21  
  151  15:40  Hydralisk x9  
  155  15:53  Zergling x2  
  155  15:54  Zergling x22  
  150  16:06  Zerg Flyer Armor Level 1  
  127  16:50  Zergling x20  
  127  16:51  Zergling x20  
  147  16:56  Zergling x2  
  145  17:16  Adrenal Glands  
  145  17:21  Zerg Melee Weapons Level 3  
  136  17:31  Zergling x16  
  136  17:32  Zergling x20  
  142  17:47  Zergling x6  
  142  17:48  Zergling x6  
  131  18:09  Baneling x14  
  131  18:10  Baneling x2  
  131  18:17  Zergling x2  
  131  18:18  Zergling x34  
  148  18:32  Corruptor x8  
  150  18:56  Hydralisk x9  
  168  19:04  Brood Lord  
  170  19:24  Zergling x4  
  170  19:25  Zergling x22  
  149  19:46  Zergling x20  
  153  19:57  Zerg Ground Armor Level 2  
  149  20:15  Zergling x30  
  144  20:29  Zergling x2  
  144  20:30  Zergling x12  
  147  20:49  Hatchery, Brood Lord x2  
  150  21:07  Zergling x16  
  123  21:35  Zergling x2  
  123  21:36  Zergling x18  
  110  21:57  Hatchery  
  100  22:02  Corruptor  
  92  22:43  Spawning Pool  
  53  24:02  Brood Lord x7  
Tags
 
Add a new tag
Caveats
  • Supply blocks, unpowered buildings, or Contaminate may cause inaccurate times.
  • Supply counts are checked every 10 seconds.